 Dungeon Sprint DCSS version 0.19.4-9-g45fd643 (webtiles) character file.

2326 equalderp2856 the Ripper (level 9, -1/43 HPs)
             Began as a Felid Fighter on Feb 19, 2017.
             Was an Initiate of Gozag.
             Slain by a vampire knight
             ... wielding a +3 great sword of flaming
              (9 damage)
             ... in the Dungeon (Sprint VII: "The Pits").
             The game lasted 00:11:40 (2684 turns).

equalderp2856 the Ripper (Felid Fighter)            Turns: 2684, Time: 00:11:41

Health: -1/43      AC:  2    Str: 13    XL:     9   Next: 19%
Magic:  10/10      EV: 31    Int: 10    God:    Gozag
Gold:   1437       SH:  0    Dex: 18    Spells: 0 memorised, 8 levels left
                                        Lives:  0   Deaths: 2

rFire  . . .     SeeInvis +       - Unarmed
rCold  . . .     Gourm    .     (armour unavailable)
rNeg   . . .     Faith    .     (shield unavailable)
rPois  .         Spirit   .     (helmet unavailable)
rElec  .         Reflect  .     (cloak unavailable)
rCorr  .         Harm     .     (gloves unavailable)
MR     +....     NoTele   +     (boots unavailable)
Stlth  +++++++...               (no amulet)
                                (no ring)
                                (no ring)

@: lethally poisoned (-1 -> -6), gold aura, bribing [the Dungeon], quick
A: no armour, no weapons or thrown items, stealth, claws 1, fangs 3, see
invisible, carnivore 3, speed 1, shaggy fur 2, slow metabolism 1, sharp paws
a: Potion Petition, Call Merchant, Bribe Branch, Renounce Religion


You were in the Dungeon.
You worshipped Gozag.
Gozag was most pleased with you.
You were not hungry.

You visited 1 branch You collected 4437 gold pieces.
You paid 3000 gold pieces to Gozag.

Inventory:

Jewellery
 m - a +3 ring of evasion
 n - a +3 ring of intelligence
Scrolls
 j - 3 scrolls of remove curse
 k - 5 scrolls of amnesia
 l - a scroll of summoning
Potions
 a - a potion of might
 c - 5 potions of curing
 d - 3 potions of heal wounds
 e - a potion of haste
 f - 4 potions of magic
 g - 5 potions of berserk rage
 i - 2 potions of invisibility
Comestibles
 b - 7 meat rations


   Skills:
 + Level 7.6 Fighting
 + Level 14.1 Dodging
 + Level 15.1 Stealth
 + Level 18.3 Unarmed Combat


You had 8 spell levels left.
You didn't know any spells.

Dungeon Overview and Level Annotations

Branches:
Dungeon (1/1)

Altars:
Ashenzari
Cheibriados
Dithmenos
Elyvilon
Fedhas
Gozag
Hepliaklqana
Kikubaaqudgha
Makhleb
Nemelex Xobeh
Okawaru
Qazlal
Ru
Sif Muna
Trog
Uskayaw
Vehumet
Xom
Yredelemnul
Zin
The Shining One
Beogh
Jiyva
Lugonu

Annotations:
D Sonja


Innate Abilities, Weirdness & Mutations

You cannot wear armour.
You are incapable of wielding weapons or throwing items.
Your paws allow you to move quietly. (Stealth)
You have sharp claws.
You have razor-sharp teeth.
You have supernaturally acute eyesight. (SInv)
You are carnivorous and can eat meat at any time.
You cover ground quickly.
You are covered in thick fur. (AC +2)
You have a slow metabolism.
Your sharp claws are effective at attacking unaware monsters.


Message History

The vampire knight misses the necromancer.
You feel sick.
The necromancer hits the vampire knight but does no damage.
You feel sick.
The vampire knight casts a spell.
The vampire knight seems to speed up.
The necromancer hits the vampire knight but does no damage.
You feel sick.
The vampire knight hits the necromancer with a great sword of flaming!!!
The vampire knight burns the necromancer.
The necromancer dies!
You feel sick.
You feel sick.
You feel sick.
You feel sick.
The vampire knight blinks!
You feel sick.
The vampire knight hits you with a great sword of flaming!
You die...
Your body crumbles into a pile of gold.

#.$# #..# #..#
++########## #.$#
.......##..# #V.#
#......##..# #..#
.......''..# #..#
)......''..##########ยง.#
#......##..e...V@......#
.......##..............#
++######################
++############ #########
...).$z..'...### .......
....).'..)cc...##......
...))##..##.....##....#
...###....###....#$...#
..##......c.###(###..#
#.#


You could see a vampire knight (invisible) and a neutral deep elf mage
(wandering).

Vanquished Creatures
  2 unseen horrors (D)
  A deep troll (D)
  2 cyclopes (D)
  A black mamba (D)
  An elephant (D)
  An orange demon (D)
  An eye of devastation (D)
  A kobold demonologist (D)
  A demonic crawler (D)
  A hellwing (D)
  A jumping spider (D)
  A shadow (D)
  Sigmund (D)
  A tarantella (D)
  A fire bat (D)
  A wyvern (D)
  2 vampire mosquitoes (D)
  A warg (D)
  A water moccasin (D)
  2 orc warriors (D)
  A black bear (D)
  A bullfrog (D)
  4 killer bees (D)
  3 orc priests (D)
  A gnoll shaman (D)
  3 orc wizards (D)
  Terence (D)
  5 gnolls (D)
  A river rat (D)
  An ufetubus (D)
  5 orcs (D)
  A bat skeleton (D)
  3 bat zombies (D)
  2 giant cockroaches (D)
  3 jackals (D)
  3 quokkas (D)
  3 frilled lizards (D)
  A jackal zombie (D)
  A rat (D)
67 creatures vanquished.

Vanquished Creatures (others)
  A necromancer (D)
  A gargoyle (D)
  A red devil (D)
  A floating eye (D)
  A bat skeleton (D)
5 creatures vanquished.

Grand Total: 72 creatures vanquished

Notes
Turn   | Place    | Note
-------+----------+-------------------------------------------
     0 | D        | equalderp2856 the Felid Fighter began the quest for the Orb.
     0 | D        | Reached XP level 1. HP: 10/10 MP: 2/2
    49 | D        | Found a radiant altar of Vehumet.
    49 | D        | Found a hide-covered altar of Uskayaw.
    49 | D        | Found an ancient bone altar of Kikubaaqudgha.
    49 | D        | Found a viscous altar of Jiyva.
    49 | D        | Found a hazy altar of Hepliaklqana.
    50 | D        | Found a bloodstained altar of Trog.
    50 | D        | Found a deep blue altar of Sif Muna.
    50 | D        | Found a sacrificial altar of Ru.
    50 | D        | Found a stormy altar of Qazlal.
    50 | D        | Found an iron altar of Okawaru.
    50 | D        | Found a sparkling altar of Nemelex Xobeh.
    50 | D        | Found an opulent altar of Gozag.
    50 | D        | Found a blossoming altar of Fedhas.
    50 | D        | Found a white marble altar of Elyvilon.
    50 | D        | Found a shadowy altar of Dithmenos.
    50 | D        | Found a snail-covered altar of Cheibriados.
    51 | D        | Found a glowing golden altar of the Shining One.
    51 | D        | Found a glowing silver altar of Zin.
    52 | D        | Found a burning altar of Makhleb.
    52 | D        | Found a basalt altar of Yredelemnul.
    52 | D        | Found a roughly hewn altar of Beogh.
    53 | D        | Found a corrupted altar of Lugonu.
    53 | D        | Found a shimmering altar of Xom.
    53 | D        | Found a shattered altar of Ashenzari.
    58 | D        | Became a worshipper of Gozag Ym Sagoz the Greedy
   121 | D        | Reached skill level 5 in Unarmed Combat
   121 | D        | Reached XP level 2. HP: 4/14 MP: 3/3
   372 | D        | Noticed Sigmund
   398 | D        | Killed Sigmund
   398 | D        | Reached skill level 5 in Fighting
   398 | D        | Reached skill level 9 in Unarmed Combat
   398 | D        | Reached XP level 3. HP: 10/19 MP: 4/4
   398 | D        | Reached XP level 4. HP: 12/23 MP: 5/5
   398 | D        | Reached XP level 5. HP: 14/26 MP: 6/6
   591 | D        | Noticed Terence
   592 | D        | Noticed an orc warrior
   608 | D        | Killed Terence
   645 | D        | Killed an orc warrior
   645 | D        | Reached skill level 10 in Unarmed Combat
   645 | D        | Gained mutation: You are covered in thick fur. (AC +2) [Felid growth]
   645 | D        | Reached XP level 6. HP: 31/31 MP: 7/7
   690 | D        | Reached skill level 11 in Unarmed Combat
   704 | D        | Reached skill level 12 in Unarmed Combat
   704 | D        | Reached XP level 7. HP: 35/35 MP: 8/8
   706 | D        | Reached skill level 5 in Stealth
   721 | D        | Noticed a fire bat
   721 | D        | Noticed an elephant
   721 | D        | Noticed a vampire mosquito
   721 | D        | Noticed a vampire mosquito
   769 | D        | Killed a vampire mosquito
  1007 | D        | Killed a fire bat
  1007 | D        | Reached skill level 10 in Dodging
  1007 | D        | Reached skill level 13 in Unarmed Combat
  1010 | D        | Killed a vampire mosquito
  1036 | D        | Killed an elephant
  1036 | D        | Reached XP level 8. HP: 20/40 MP: 9/9
  1278 | D        | Noticed a kobold demonologist
  1278 | D        | Noticed a hellwing
  1287 | D        | Killed a kobold demonologist
  1287 | D        | Reached skill level 10 in Stealth
  1287 | D        | Reached skill level 14 in Unarmed Combat
  1305 | D        | Killed a hellwing
  1336 | D        | Noticed a cyclops
  1370 | D        | Noticed an alligator snapping turtle
  1403 | D        | Reached skill level 15 in Unarmed Combat
  1405 | D        | Reached XP level 9. HP: 33/43 MP: 10/10
  1617 | D        | Killed a cyclops
  1646 | D        | Noticed an orange demon
  1793 | D        | Noticed a deep troll
  1800 | D        | Killed an orange demon
  1800 | D        | Reached skill level 16 in Unarmed Combat
  1841 | D        | Killed a deep troll
  1892 | D        | Noticed a tyrant leech
  2013 | D        | Noticed an unseen horror
  2014 | D        | Noticed a jumping spider
  2027 | D        | Noticed a cyclops
  2038 | D        | Killed an unseen horror
  2038 | D        | Reached XP level 10. HP: 39/47 MP: 11/11
  2041 | D        | Reached skill level 17 in Unarmed Combat
  2048 | D        | Killed a cyclops
  2259 | D        | Noticed a gargoyle
  2259 | D        | Noticed an eye of devastation
  2334 | D        | Killed an eye of devastation
  2363 | D        | Killed a gargoyle
  2364 | D        | Noticed Sonja
  2364 | D        | Noticed a death cob
  2379 | D        | Annihilated by a death cob
  2380 | D        | Reached XP level 9. HP: -25/43 MP: 10/10
  2393 | D        | Noticed a spiny frog
  2396 | D        | Mangled by a death cob
  2397 | D        | Reached XP level 8. HP: -10/40 MP: 9/9
  2587 | D        | Noticed a demonic crawler
  2590 | D        | Killed a demonic crawler
  2590 | D        | Reached skill level 18 in Unarmed Combat
  2624 | D        | Noticed an unseen horror
  2632 | D        | Killed an unseen horror
  2632 | D        | Reached XP level 9. HP: 43/43 MP: 10/10
  2641 | D        | Noticed a black mamba
  2641 | D        | Noticed a necromancer
  2641 | D        | Noticed a deep elf mage
  2665 | D        | Killed a black mamba
  2665 | D        | Reached skill level 15 in Stealth
  2668 | D        | Noticed a vampire knight
  2676 | D        | Killed a necromancer
  2684 | D        | Slain by a vampire knight

Skill      XL: |  1  2  3  4  5  6  7  8  9 10 |
---------------+-------------------------------+-----
Unarmed Combat | 5 9 10 12 13 18 16 17 | 18.3
Fighting       | 5 6 7 |  7.6
Dodging        | 7 8 9 10 14 12 13 | 14.1
Stealth        | 2 4 9 11 15 14 | 15.1

Action                   |  1- 3 |  4- 6 |  7- 9 | 10-12 || total
-------------------------+-------+-------+-------+-------++-------
Melee: Unarmed           |    38 |    32 |   159 |    41 ||   270
       Bite              |     3 |     4 |    10 |     5 ||    22
       Punch             |       |     3 |    12 |     4 ||    19
Invok: Bribe Branch      |       |       |     1 |       ||     1
  Use: Potion            |     1 |     2 |     8 |     4 ||    15
       Scroll            |       |       |       |     1 ||     1
 Stab: Sleeping          |     1 |     6 |     4 |     2 ||    13
       Distracted        |       |       |     2 |     1 ||     3
  Eat: Meat ration       |       |       |       |     1 ||     1
Armor: Skin              |     4 |       |     2 |       ||     6
Dodge: Dodged            |    36 |    14 |   169 |    29 ||   248
